 Dungeon Crawl Stone Soup version 0.30-a0-603-g51a0fb1b98 (webtiles) character file.

Game seed: 2624738365907527285

7 kae the Insei (level 1, 0/15 HPs)
             Began as a Demonspawn Transmuter on Jan 7, 2023.
             Slain by a hobgoblin (2 damage)
             ... on level 1 of the Dungeon.
             The game lasted 00:00:11 (245 turns).

kae the Insei (Demonspawn Transmuter)                Turns: 245, Time: 00:00:12

Health: 0/15       AC:  2    Str: 10    XL:     1   Next: 91%
Magic:  2/3        EV: 12    Int: 14    God:
Gold:   45         SH:  0    Dex: 13    Spells: 3/4 levels left

rFire   . . .      SeeInvis .      - Unarmed
rCold   . . .      Faith    .    (no shield)
rNeg    . . .      Spirit   .    a - +0 robe
rPois   .          Reflect  .    (helmet currently unavailable)
rElec   .          Harm     .    (no cloak)
rCorr   .          Rampage  .    (no gloves)
Will    .....                    (boots currently unavailable)
Stlth   +                        (no amulet)
HPRegen 0.22/turn                (no ring)
MPRegen 0.08/turn                (no ring)

@: appendages (expiring)
A: horns 2, talons 2
a: End Transformation


You were on level 1 of the Dungeon.
You had temporarily grown beastly horns and talons.
You visited 1 branch of the dungeon, and saw 1 of its levels.

You collected 45 gold pieces.


Innate Abilities, Weirdness & Mutations

You have temporarily grown beastly horns and talons.


   Skills:
 - Level 1.0 Fighting
 - Level 1.7 Dodging
 + Level 2.8 Unarmed Combat
 + Level 2.1 Spellcasting
 * Level 2.1 Transmutations


You had 3 spell levels left.
You knew the following spells:

 Your Spells              Type           Power      Damage    Failure   Level
a - Beastly Appendage     Tmut           14%        N/A       10%         1

Your spell library contained the following spells:

 Spells                   Type           Power      Damage    Failure   Level
 Wereblood                Tmut           7%         N/A       14%         2
 Spider Form              Tmut/Pois      4%         N/A       41%         3
 Ice Form                 Ice/Tmut       4%         N/A       83%         4

Inventory:

Armour
 a - a +0 robe (worn)
Scrolls
 d - a scroll of teleportation {unknown}
 f - a scroll of identify {unknown}
Potions
 b - a potion of lignification {!q}
 c - a potion of heal wounds {unknown}
 e - a potion of magic {unknown}

Dungeon Overview and Level Annotations

Branches:
Dungeon (1/15) Zot: 5755

Altars:

#...........#.#
#.. ###
#######...###.#
#...###.#
#.......###
#.........#
###.#####.#
#.###.#.#
#.......#####.#
###.....@.....#
#.......g....!.
##.....#####...
##...## # ##.#
##


You could see a hobgoblin.


Message History

Casting: Beastly Appendage (safe; 11% risk of failure)
Confirm with . or Enter, or press ? or * to list all spells.
You grow a pair of large bovine horns.
Your feet morph into talons.
You hit the rat. You claw the rat.
You kill the rat! 😎 MP[-1]
You lost 1 mp, and now have 2/3 mp. 2 jackals come into view.
The helpless jackal fails to defend itself.
You hit the jackal.
Your transformation is almost over.
The jackal closely misses you. x2
There are monsters nearby!
There are monsters nearby!
You closely miss the jackal. Your kick misses the jackal.
The jackal closely misses you.
You miss the jackal. You claw the jackal.
You kill the jackal!
Your Transmutations skill increases to level 2! 😎 MP[+1]
Your mp is fully restored (3).
You hit the jackal. Your headbutt misses the jackal.
The jackal closely misses you. The jackal bites you.
You closely miss the jackal. The jackal closely misses you.
A jackal is nearby! 😕 HP[-2]
You take 2 damage, and now have 13/15 hp.
A jackal is nearby!
You closely miss the jackal. You claw the jackal.
You kill the jackal!
No target in view! 😕 HP[+1]
Your horns disappear.
Your talons disappear.
Key pressed, stopping explore.
No target in view!
No target in view! 😎 HP[+1]
Your hp is fully restored (15).
Key pressed, stopping explore.
Unknown command.
You now have 32 gold pieces (gained 13).
f - a scroll labelled PAOGRO GEDETS You now have 45 gold pieces (gained 13).
A rat comes into view.
A rat is nearby!
A rat is nearby!
A rat is nearby!
Casting: Beastly Appendage (safe; 10% risk of failure)
Confirm with . or Enter, or press ? or * to list all spells.
You grow a pair of large bovine horns.
Your feet morph into talons.
The rat closely misses you. The rat barely misses you. 😎 MP[-1]
You lost 1 mp, and now have 2/3 mp.
You hit the rat but do no damage. Your kick misses the rat.
You headbutt the rat. The rat barely misses you.
You hit the rat but do no damage. The rat bites you. 😕 HP[-1]
You take 1 damage, and now have 14/15 hp.
A rat is nearby!
You closely miss the rat. You claw the rat.
You kill the rat!
No target in view! 2 hobgoblins come into view. 😎 HP[+1]
Your hp is fully restored (15).
Unknown command.
There are monsters nearby!
Your transformation is almost over.
The hobgoblin shouts!
The hobgoblin hits you.
You hit the hobgoblin.
The hobgoblin barely misses you. 😕 HP[-3]
You take 3 damage, and now have 12/15 hp.
Casting: Beastly Appendage (safe; 10% risk of failure)
Confirm with . or Enter, or press ? or * to list all spells.
You extend your transformation's duration.
The hobgoblin hits you. The hobgoblin hits you.
* * * LOW HITPOINT WARNING * * *
The hobgoblin misses you. 😨 HP[-6] MP[-1]
You take 6 damage, and now have 6/15 hp.
MASSIVE DAMAGE!! (PAUSE)
You lost 1 mp, and now have 1/3 mp.
You closely miss the hobgoblin.
Unknown command.
You hit the hobgoblin but do no damage.
You claw the hobgoblin, but do no damage.
You headbutt the hobgoblin.
You kill the hobgoblin!
Your transformation is almost over.
The hobgoblin hits you.
* * * LOW HITPOINT WARNING * * *
😱 HP[-4] MP[+1]
You take 4 damage, and now have 2/15 hp.
MASSIVE DAMAGE!! (PAUSE)
You barely miss the hobgoblin. Your headbutt misses the hobgoblin.
The hobgoblin hits you.
You die...

Skill      XL: |  1 |
---------------+----+-----
Transmutations | 2 |  2.1
Fighting       | |  1.0
Dodging        | |  1.7
Unarmed Combat | |  2.8
Spellcasting   | |  2.1

Action                   || total
-------------------------++-------
Melee: Unarmed           ||    19
       Kick              ||     5
       Headbutt          ||     2
 Cast: Beastly Appendage ||     4
 Stab: Sleeping          ||     1
Dodge: Dodged            ||    17

Levels and vault maps discovered:
D:1:      dpeg_arrival_rhombus, layout_loops_ring

Notes
Turn   | Place    | Note
-------+----------+-------------------------------------------
     0 | D:1      | kae the Demonspawn Transmuter began the quest for the Orb.
     0 | D:1      | Reached XP level 1. HP: 15/15 MP: 3/3
     0 | D:1      | magus.rc [v1.11.3]
   180 | D:1      | Reached skill level 2 in Transmutations
   244 | D:1      | HP: 2/15 [hobgoblin (4)]
   245 | D:1      | Slain by a hobgoblin

Vanquished Creatures
  A bat (D:1)
  A hobgoblin (D:1)
  2 jackals (D:1)
  A frilled lizard (D:1)
  2 rats (D:1)
7 creatures vanquished.

Table legend:
 A = Non-vault XP
 B = Vault XP
 C = Vault XP percentage of total XP
 D = Non-vault monster count
 E = Vault monster count
 F = Vault count percentage of total count
                 A         B        C        D         E       F
            +---------+---------+-------+---------+---------+-------
      Total |      11 |       0 |   0.0 |       7 |       0 |   0.0
            +---------+---------+-------+---------+---------+-------
        D:1 |      11 |       0 |   0.0 |       7 |       0 |   0.0
            +---------+---------+-------+---------+---------+-------

Illustrated notes

Table legend:
 A = Kills in this place as a percentage of kills in entire the game.
 B = Kills by you in this place as a percentage of kills by you in the entire game.
 C = Kills by friends in this place as a percentage of kills by friends in the entire game.
 D = Other kills in this place as a percentage of other kills in the entire game.
 E = Experience gained in this place as a percentage of experience gained in the entire game.
 F = Experience gained in this place divided by the number of levels of this place that you have seen.
                   A       B       C       D       E      F
               +-------+-------+-------+-------+-------+----------------------
         Total | 100.0 | 100.0 |   N/A |   N/A | 100.0 |  11.0
       Dungeon | 100.0 | 100.0 |   N/A |   N/A | 100.0 |  11.0
               +-------+-------+-------+-------+-------+----------------------

Table legend: (Time is in decaauts)
 A = Elapsed time spent in this place.
 B = Non-inter-level travel time spent in this place.
 C = Inter-level travel time spent in this place.
 D = Time resting spent in this place.
 E = Time spent auto-exploring this place.
 F = Levels seen in this place.
 G = Mean time per level.
                   A        B        C        D        E       F      G
               +--------+--------+--------+--------+--------+-----+--------+
         Total |    243 |    243 |      0 |      0 |    198 |   1 |  243.0 |
       Dungeon |    243 |    243 |      0 |      0 |    198 |   1 |  243.0 |
               +--------+--------+--------+--------+--------+-----+--------+

Top non-repeatable levels by time:
     D:1: 243 daAuts
